AoeStats
← Křovák

Golden Pit

507290782Analyzed
1v1 RM · 15d ago on Sep 17, 2026· 51m 21s· 2 players
Game mode
Random Map
Map size
Tiny (2 player)
Population
200
Speed
Normal
Resources
Standard
Victory
Conquest
Starting age
Dark Age
Ending age
Imperial Age
RankedLock teamsTeams togetherTeam positionsShared explorationLock speedFull tech treeHidden civsTurbo modeCheats
Victory
Defeat
🇺🇸 Romans · United States
881
+15
🇨🇿 Malians · Czechia
868
-15
Křovák
7:42 Loom
12:16 Feudal Age
12:53 Double-Bit Axe
17:51 Castle Age
15:40 Horse Collar
24:41 Heavy Plow
26:10 Bow Saw
33:05 Murder Holes
35:39 Fletching
41:40 Bodkin Arrow
43:27 Pikeman
44:08 Squires
44:59 Tigui
47:45 Imperial Age
45:01 Town Watch
45:52 Wheelbarrow
45:32 Forging
45:22 Scale Mail Armor
48:11 Iron Casting
47:52 Chain Mail Armor
tandrew65
7:54 Loom
11:14 Feudal Age
11:55 Double-Bit Axe
11:58 Man-at-Arms
13:09 Scale Mail Armor
14:24 Horse Collar
19:52 Fletching
22:52 Castle Age
21:19 Padded Archer Armor
23:27 Long Swordsman
24:08 Squires
24:29 Chain Mail Armor
24:25 Forging
25:52 Wheelbarrow
25:41 Heavy Plow
27:40 Bow Saw
28:08 Town Watch
28:46 Gold Mining
29:06 Stone Mining
30:13 Hand Cart
34:52 Pikeman
35:15 Light Cavalry
36:06 Bloodlines
35:57 Husbandry
38:10 Scale Barding Armor
38:41 Iron Casting
43:10 Imperial Age
41:44 Murder Holes
41:59 Masonry
42:10 Ballistics
42:56 Fortified Wall
43:01 Bodkin Arrow
43:44 Heavy Scorpion
44:36 Ballistas
45:22 Gold Shaft Mining
46:02 Chain Barding Armor
46:48 Architecture
46:25 Siege Engineers
51:56 Blast Furnace
Connection lost

Rejoining the realm…

Still unreachable

The connection could not be restored.

Session expired

The server has moved on; the page needs a fresh start.